AoeStats
← Knacks26

Arabia

507011750Analyzed
4v4 RM · 15d ago on Sep 16, 2026· 32m 57s· 8 players
Game mode
Random Map
Map size
Large (8 player)
Population
200
Speed
Normal
Resources
Standard
Victory
Conquest
Starting age
Dark Age
Ending age
Imperial Age
RankedLock teamsTeams togetherTeam positionsShared explorationLock speedFull tech treeHidden civsTurbo modeCheats
Victory
Defeat
🇺🇸 Chinese · United States
742
+7
🇲🇽 Huns · Mexico
677
+9
🇲🇽 Persians · Mexico
674
+10
🇲🇽 Vietnamese · Mexico
643
+12
🇺🇸 Britons · United States
643
-13
🇫🇷 Romans · France
576
-11
🇨🇴 Vikings · Colombia
444
-7
🇺🇸 Portuguese · United States
444
-7
Knacks26
0:45 Loom
13:51 Feudal Age
15:22 Wheelbarrow
15:05 Man-at-Arms
27:57 Castle Age
27:38 Double-Bit Axe
27:41 Horse Collar
31:00 Bloodlines
30:50 Husbandry
32:01 Hand Cart
31:32 Long Swordsman
Karma
7:43 Loom
10:19 Feudal Age
16:50 Horse Collar
17:22 Double-Bit Axe
23:21 Castle Age
21:54 Gold Mining
21:55 Stone Mining
26:29 Heavy Plow
26:44 Bow Saw
25:59 Pikeman
26:40 Squires
26:42 Scale Mail Armor
26:53 Forging
31:56 Fortified Wall
32:06 Ballistics
Nick35
0:56 Loom
16:55 Feudal Age
17:38 Horse Collar
17:52 Gold Mining
18:16 Stone Mining
18:24 Man-at-Arms
19:13 Double-Bit Axe
20:18 Arson
29:22 Castle Age
28:30 Forging
29:57 Long Swordsman
29:58 Pikeman
mankey
13:22 Feudal Age
14:09 Double-Bit Axe
14:23 Gold Mining
GfJaiR
3:28 Loom
12:09 Feudal Age
12:35 Double-Bit Axe
12:32 Horse Collar
13:42 Town Watch
14:33 Wheelbarrow
17:06 Gold Mining
23:31 Castle Age
22:04 Stone Mining
24:57 Padded Archer Armor
25:59 Thumb Ring
27:18 Bow Saw
31:16 Leather Archer Armor
30:52 Fletching
30:57 Heated Shot
31:30 Ballistics
crazy84aac
12:19 Feudal Age
10:34 Loom
13:49 Double-Bit Axe
16:47 Horse Collar
18:11 Forging
18:07 Scale Barding Armor
25:07 Castle Age
26:33 Stone Mining
26:34 Gold Mining
27:04 Bow Saw
30:55 Wheelbarrow
31:57 Gold Shaft Mining
31:58 Stone Shaft Mining
32:42 Hand Cart
32:14 Town Watch
AIOROS
0:27 Loom
10:08 Feudal Age
10:35 Double-Bit Axe
10:44 Horse Collar
15:36 Bloodlines
17:38 Forging
18:03 Scale Barding Armor
19:13 Wheelbarrow
23:03 Castle Age
25:48 Iron Casting
25:36 Chain Barding Armor
25:15 Gold Mining
26:01 Husbandry
26:59 Gold Shaft Mining
26:17 Stone Mining
27:03 Gold Shaft Mining
26:43 Bow Saw
34:11 Imperial Age
joseluisuriasa
0:25 Loom
10:31 Feudal Age
11:14 Double-Bit Axe
11:11 Horse Collar
22:25 Castle Age
20:58 Gold Mining
20:59 Stone Mining
23:18 Bow Saw
24:33 Thumb Ring
24:53 Forging
24:44 Scale Mail Armor
27:47 Wheelbarrow
29:28 Hand Cart
31:16 Ballistics
34:56 Imperial Age
Connection lost

Rejoining the realm…

Still unreachable

The connection could not be restored.

Session expired

The server has moved on; the page needs a fresh start.